 Dungeon Crawl Stone Soup version 0.30-a0-578-gdee14c521f (webtiles) character file.

Game seed: 2517648940840898149

37 jfcaron the Scratcher (level 3, -1/15 HPs)
             Began as a Felid Transmuter on Jan 1, 2023.
             Frozen to death by an endoplasm (4 damage)
             ... on level 2 of the Dungeon.
             The game lasted 00:04:04 (893 turns).

jfcaron the Scratcher (Felid Transmuter)             Turns: 893, Time: 00:04:05

Health: -1/15      AC:  1    Str:  5 (6)  XL:     3   Next: 23%
Magic:  7/7        EV: 17    Int: 15 (16) God:
Gold:   103        SH:  0    Dex: 13 (16) Spells: 2/6 levels left
                                        Lives:  0   Deaths: 0

rFire   . . .      SeeInvis +      - Unarmed
rCold   . . .      Faith    .    (shield unavailable)
rNeg    . . .      Spirit   .    (body armour unavailable)
rPois   +          Reflect  .    (helmet unavailable)
rElec   .          Harm     .    (cloak unavailable)
rCorr   .          Rampage  .    (gloves unavailable)
Will    .....                    (boots unavailable)
Stlth   ++                       (no amulet)
HPRegen 0.22/turn                d - ring of poison resistance
MPRegen 0.10/turn                (no ring)

@: appendages, quick
A: horns 2, very small, claws 1, fangs 3, see invisible, speed 1, shaggy fur 1,
stealthy paws, no weapons or thrown items, no armour, multi-lived
a: End Transformation


You were on level 2 of the Dungeon.
You had temporarily grown beastly horns.
You visited 1 branch of the dungeon, and saw 2 of its levels.

You collected 103 gold pieces.

Inventory:

Jewellery
 d - a ring of poison resistance (left paw)
Scrolls
 b - a scroll of enchant armour {unknown}
 e - a scroll of teleportation {unknown}
 g - a scroll of fear {unknown}
Potions
 a - 2 potions of lignification
 c - a potion of curing {unknown}
 f - a potion of degeneration


   Skills:
 - Level 1.0 Fighting
 - Level 3.1 Dodging
 - Level 1.6 Stealth
 - Level 3.5 Unarmed Combat
 - Level 2.0 Spellcasting
 + Level 0.8 Summonings
 - Level 2.6 Transmutations


You had 2 spell levels left.
You knew the following spells:

 Your Spells              Type           Power      Damage    Failure   Level
a - Beastly Appendage     Tmut           18%        N/A       8%          1
b - Call Canine Familiar  Summ           3%         N/A       43%         3

Your spell library contained the following spells:

 Spells                   Type           Power      Damage    Failure   Level
 Wereblood                Tmut           9%         N/A       12%         2
 Spider Form              Tmut/Pois      5%         N/A       36%         3
 Ice Form                 Ice/Tmut       5%         N/A       78%         4
 Leda's Liquefaction      Hex/Erth       0%         N/A       91%         4
 Portal Projectile        Hex/Tloc       Unusable   N/A       N/A         3

Dungeon Overview and Level Annotations

Branches:
Dungeon (2/15)

Altars:

Shops:
D:2 :


Innate Abilities, Weirdness & Mutations

You have temporarily grown beastly horns.
You have sharp claws.
You have razor-sharp teeth.
You have supernaturally acute eyesight. (SInv)
You cover ground quickly. (Speed+)
You are covered in fur. (AC +1)
Your paws help you pounce on unaware monsters.
You are incapable of wielding weapons or throwing items.
You cannot wear armour.
You gain extra lives every three experience levels.


Message History

You scratch the kobold. You headbutt the kobold.
You kill the kobold!
Okay, then.
Your transformation is almost over.
Magic restored.
Your horns disappear.
Found an escape hatch in the ceiling.
A kobold comes into view. It is wielding a +0 whip.
Casting: Beastly Appendage (safe; 7% risk of failure)
Confirm with . or Enter, or press ? or * to list all spells.
You grow a pair of large bovine horns.
The kobold shouts!
A ball python comes into view.
An endoplasm comes into view.
The kobold throws a stone.
The stone barely misses you.
The kobold throws a stone.
The stone closely misses you.
Found a stone staircase leading down.
The endoplasm quivers.
The endoplasm freezes you.
You are frozen.
You barely miss the endoplasm. The kobold closely misses you.
The endoplasm closely misses you. The endoplasm freezes you.
You are frozen.
The endoplasm closely misses you.
The kobold throws a stone.
The stone hits you.
The endoplasm jiggles.
You scratch the endoplasm but do no damage.
You headbutt the endoplasm.
The endoplasm is almost dead.
The endoplasm freezes you.
You are frozen.
* * * LOW HITPOINT WARNING * * *
You are too injured to fight recklessly!
You aren't carrying any items that you can evoke.
It was a potion of degeneration.
There was something very wrong with that liquid.
You feel weakened.
You feel dopey.
You feel clumsy. The endoplasm freezes you.
You are frozen.
You die...

#... #..##.###....#
#..#.........####
#>..............# ..
#.....#.........+
....###.###.#.........#
......................#
#@# #...........# ###J#
#...........#
+..K###.......#####
...###...#.......######
....S.....#.............
.............##.........
($...........##.........
............<##.........
.............^#.........


You could see an endoplasm and a kobold.

Vanquished Creatures
  An adder (D:2)
  6 ball pythons
  3 endoplasms (D:1)
  A giant cockroach (D:1)
  A goblin (D:1)
  5 hobgoblins (D:1)
  A quokka (D:1)
  2 frilled lizards (D:1)
  5 kobolds
  A rat (D:1)
26 creatures vanquished.

Notes
Turn   | Place    | Note
-------+----------+-------------------------------------------
     0 | D:1      | jfcaron the Felid Transmuter began the quest for the Orb.
     0 | D:1      | Reached XP level 1. HP: 9/9 MP: 4/4
   138 | D:1      | Reached XP level 2. HP: 9/12 MP: 4/6
   253 | D:1      | Reached skill level 1 in Stealth
   666 | D:2      | Found Coigeeph's Book Shop.
   758 | D:2      | Reached XP level 3. HP: 6/15 MP: 5/7
   801 | D:2      | Learned a level 3 spell: Call Canine Familiar
   892 | D:2      | HP: 3/15 [frozen (5)]
   893 | D:2      | Frozen to death by an endoplasm

Illustrated notes

Levels and vault maps discovered:
D:1:      tekkud_arrival_beachfront_property, layout_rooms, minmay_tetromino_t4
D:2:      layout_basic, serial_shops, nicolae_square_shop, basic_altar,
          amethyst_killhole, minmay_snake_closets

Skill      XL: |  1  2 |
---------------+-------+-----
Dodging        | 3 |  3.1
Stealth        | 1 |  1.6
Fighting       | |  1.0
Unarmed Combat | |  3.5
Spellcasting   | |  2.0
Summonings     | |  0.8
Transmutations | |  2.6

Action                   || total
-------------------------++-------
Melee: Unarmed           ||    58
       Headbutt          ||    14
       Bite              ||     4
       Punch             ||     1
 Cast: Beastly Appendage ||    19
  Use: Potion            ||     1
 Stab: Sleeping          ||     1
Armor: Skin              ||     1
Dodge: Dodged            ||    33

Table legend: (Time is in decaauts)
 A = Elapsed time spent in this place.
 B = Non-inter-level travel time spent in this place.
 C = Inter-level travel time spent in this place.
 D = Time resting spent in this place.
 E = Time spent auto-exploring this place.
 F = Levels seen in this place.
 G = Mean time per level.
                   A        B        C        D        E       F      G
               +--------+--------+--------+--------+--------+-----+--------+
         Total |    781 |    750 |     31 |    189 |    357 |   2 |  390.5 |
       Dungeon |    781 |    750 |     31 |    189 |    357 |   2 |  390.5 |
               +--------+--------+--------+--------+--------+-----+--------+

Top non-repeatable levels by time:
     D:1: 585 daAuts
     D:2: 196 daAuts

Table legend:
 A = Kills in this place as a percentage of kills in entire the game.
 B = Kills by you in this place as a percentage of kills by you in the entire game.
 C = Kills by friends in this place as a percentage of kills by friends in the entire game.
 D = Other kills in this place as a percentage of other kills in the entire game.
 E = Experience gained in this place as a percentage of experience gained in the entire game.
 F = Experience gained in this place divided by the number of levels of this place that you have seen.
                   A       B       C       D       E      F
               +-------+-------+-------+-------+-------+----------------------
         Total | 100.0 | 100.0 |   N/A |   N/A | 100.0 |  27.0
       Dungeon | 100.0 | 100.0 |   N/A |   N/A | 100.0 |  27.0
               +-------+-------+-------+-------+-------+----------------------
